[Event "Titled Tuesday Blitz July 26 Early 2022"]
[White "Nakamura, Hikaru"]
[Black "Le, Tuan Minh"]
[WhiteFideId "2016192"]
[BlackFideId "12401153"]
[WhiteElo "2850"]
[BlackElo "2530"]
[Result "1-0"]
[Round "06"]
[TimeControl "180+1"]
[Date "2022.07.26"]
[WhiteClock "0:00:38"]
[BlackClock "0:00:12"]

1. e4 c5 2. g3 g6 3. Nf3 Nf6 4. Nc3 Nc6 5. d4 cxd4 6. Nxd4 Bg7 7. Nde2 O-O 8. Bg2 d6 9. O-O Be6 10. h3 Rc8 11. Nd5 Bxd5 12. exd5 Ne5 13. b3 Qa5 14. c4 b5 15. cxb5 Qxb5 16. Nd4 Qa5 17. Bd2 Qa6 18. Re1 Rfe8 19. Qe2 Qb6 20. Be3 Qa5 21. f4 Ned7 22. Nc6 Qa3 23. Nxa7 Ra8 24. Nb5 Qa5 25. a4 Nh5 26. Bf2 Bxa1 27. Rxa1 Rac8 28. Kh2 Nhf6 29. Na7 Nxd5 30. Nxc8 Rxc8 31. Qb5 Qxb5 32. axb5 Rc2 33. Kg1 N5b6 34. Ra6 1-0


[Site "https://www.chess.com"]

[Event "Titled Tuesday Blitz July 26 Early 2022"]
[White "Odegov, Artem"]
[Black "Djokic, Mihailo"]
[WhiteFideId "34183644"]
[BlackFideId "976440"]
[WhiteElo "2286"]
[BlackElo "2246"]
[Result "1-0"]
[Round "06"]
[TimeControl "180+1"]
[Date "2022.07.27"]
[WhiteClock "0:00:18"]
[BlackClock "0:00:01"]

1. d4 Nf6 2. c4 g6 3. Nc3 Bg7 4. e4 O-O 5. h3 d6 6. Be3 e5 7. d5 Nh5 8. g3 Qe8 9. Be2 Na6 10. Bxh5 gxh5 11. Qxh5 f5 12. Qxe8 Rxe8 13. Nf3 Rf8 14. O-O-O Nb4 15. Ng5 f4 16. gxf4 exf4 17. Bd4 Bh6 18. Rhg1 f3 19. Kb1 Bxg5 20. Rxg5+ Kf7 21. Nb5 Na6 22. Rdg1 Ke7 23. Rh5 Rf7 24. Rg8 b6 25. Be3 Bb7 26. Rxa8 Bxa8 27. a3 Kd7 28. Nxa7 Bb7 29. Nb5 Re7 30. Rh4 1-0


[Site "https://www.chess.com"]

[Event "Titled Tuesday Blitz July 26 Early 2022"]
[White "Oparin, Grigoriy"]
[Black "Wagner, Dennis"]
[WhiteFideId "24125890"]
[BlackFideId "24650684"]
[WhiteElo "2639"]
[BlackElo "2355"]
[Result "0-1"]
[Round "06"]
[TimeControl "180+1"]
[Date "2022.07.26"]
[WhiteClock "0:00:13"]
[BlackClock "0:00:11"]

1. c4 Nf6 2. Nc3 c5 3. Nf3 e6 4. d4 cxd4 5. Nxd4 d5 6. cxd5 Nxd5 7. Bd2 Bc5 8. Nb3 Bb6 9. e3 O-O 10. Nxd5 Qxd5 11. Bc3 Rd8 12. Qxd5 Rxd5 13. Bc4 Rd8 14. Ke2 Nc6 15. a4 a6 16. a5 Ba7 17. Rhd1 Bd7 18. Nd2 Rac8 19. Bb3 Ne7 20. Ne4 Bb5+ 21. Ke1 Nd5 22. Bxd5 exd5 23. Ng3 d4 24. Bxd4 Bxd4 25. Rxd4 Rxd4 26. exd4 Kf8 27. Kd2 Rc4 28. Nf5 Rb4 29. Kc3 Rc4+ 30. Kb3 g6 31. Nd6 Rxd4 32. Nxb5 axb5 33. Rc1 Ra4 34. Rc7 Rxa5 35. Rxb7 h5 36. g3 Kg7 37. Rb6 f6 38. h4 g5 39. Kc3 Kg6 40. hxg5 Kxg5 41. f3 f5 42. f4+ Kg4 43. Rg6+ Kf3 44. Rg5 h4 45. gxh4 Kxf4 46. Rg1 Ra4 47. h5 Rc4+ 48. Kb3 Rc6 49. Kb4 Rh6 50. Rh1 Kg5 51. Kxb5 Rxh5 52. Rxh5+ Kxh5 53. Kc4 Kg4 54. b4 f4 55. Kd4 f3 56. b5 f2 0-1


[Site "https://www.chess.com"]

[Event "Titled Tuesday Blitz July 26 Early 2022"]
[White "Pakleza, Zbigniew"]
[Black "Hakobyan, Aram"]
[WhiteFideId "1119290"]
[BlackFideId "13306677"]
[WhiteElo "2467"]
[BlackElo "2557"]
[Result "1-0"]
[Round "06"]
[TimeControl "180+1"]
[Date "2022.07.26"]
[WhiteClock "0:00:23"]
[BlackClock "0:00:09"]

1. d4 c5 2. c3 Qc7 3. Nf3 Nf6 4. Bg5 Ne4 5. Bh4 cxd4 6. cxd4 e6 7. Nbd2 Nxd2 8. Qxd2 Nc6 9. a3 d5 10. e3 Bd6 11. Bd3 O-O 12. O-O Bd7 13. Rfc1 Qb6 14. b4 Rfc8 15. Bg3 Bxg3 16. hxg3 Be8 17. Rc3 a5 18. b5 Ne7 19. Rac1 Rxc3 20. Rxc3 h6 21. Qc2 Qd6 22. a4 Bd7 23. Ne5 Rc8 24. b6 f6 25. Nxd7 Qxd7 26. Rc7 Rxc7 27. Qxc7 Qxc7 28. bxc7 Kf8 29. Bb5 e5 30. Bd7 exd4 31. exd4 b6 32. Kf1 g5 33. Ke2 h5 34. f4 g4 35. c8=Q+ Nxc8 36. Bxc8 Ke7 37. Bf5 Kf7 38. Kd2 Ke7 39. Bg6 Ke6 40. Bxh5 f5 41. Be8 Ke7 42. Bc6 Ke6 43. Bb7 Kd6 44. Bc8 b5 45. axb5 a4 46. Bxf5 a3 47. Bb1 a2 48. Bxa2 Kc7 49. Bxd5 Kb6 50. Bc6 Ka5 51. f5 Ka4 52. f6 Kb4 53. f7 Kc4 54. f8=Q Kb3 55. b6 Kc4 56. b7 Kb3 57. b8=Q+ Ka2 58. Bd5+ Ka1 59. Qa3# 1-0


[Site "https://www.chess.com"]

[Event "Titled Tuesday Blitz July 26 Early 2022"]
[White "Paravyan, David"]
[Black "Papasimakopoulos, Alexandros"]
[WhiteFideId "4194985"]
[BlackFideId "4244125"]
[WhiteElo "2569"]
[BlackElo "2340"]
[Result "0-1"]
[Round "06"]
[TimeControl "180+1"]
[Date "2022.07.26"]
[WhiteClock "0:00:24"]
[BlackClock "0:00:27"]

1. e4 e6 2. d4 d5 3. Nc3 Bb4 4. e5 b6 5. Qg4 Bf8 6. h4 Ba6 7. Bxa6 Nxa6 8. h5 Nb4 9. Qe2 c5 10. Nf3 h6 11. Be3 Nc6 12. Rd1 cxd4 13. Nxd4 Nxd4 14. Bxd4 Ne7 15. O-O Nf5 16. Be3 Bc5 17. Bxc5 bxc5 18. Qb5+ Qd7 19. Qxc5 Rc8 20. Qa3 Qe7 21. Qa4+ Qd7 22. Qb4 Qe7 23. Qa4+ Qd7 24. Qf4 O-O 25. g4 Ne7 26. Rd3 Qb7 27. g5 Rc4 28. Qh2 hxg5 29. h6 Nf5 30. hxg7 Kxg7 31. Rh3 Rh4 32. Rxh4 Nxh4 33. Qg3 Kh6 34. f4 Rg8 35. Kh2 Nf5 36. Qh3+ Kg7 37. Rg1 Kf8 38. Rxg5 Rxg5 39. fxg5 Qxb2 40. Qd3 Qc1 41. Nxd5 Qxg5 42. Nf6 Qf4+ 43. Kg2 Ne3+ 44. Kh3 Qf3+ 45. Kh4 Ng2+ 46. Kg5 Qf4+ 47. Kh5 Qh4# 0-1


[Site "https://www.chess.com"]

[Event "Titled Tuesday Blitz July 26 Early 2022"]
[White "Pfreundt, Jakob"]
[Black "Leenhouts, Koen"]
[WhiteFideId "12918156"]
[BlackFideId "1008439"]
[WhiteElo "2345"]
[BlackElo "2409"]
[Result "1-0"]
[Round "06"]
[TimeControl "180+1"]
[Date "2022.07.27"]
[WhiteClock "0:00:12"]
[BlackClock "0:00:01"]

1. Nf3 Nf6 2. d4 d5 3. c4 c6 4. Nbd2 Bf5 5. Nh4 Be4 6. e3 h6 7. Nxe4 dxe4 8. g3 g5 9. Ng2 e6 10. h4 Rg8 11. Bd2 Nbd7 12. hxg5 hxg5 13. Qb3 Qc7 14. Be2 O-O-O 15. O-O-O c5 16. Kb1 Be7 17. Bc3 Kb8 18. Ne1 Qb6 19. Qxb6 axb6 20. Nc2 Rh8 21. dxc5 Nxc5 22. Rxd8+ Rxd8 23. Nd4 Nd3 24. Rh2 Bb4 25. Nxe6 fxe6 26. Bxf6 Rf8 27. Bxd3 exd3 28. Bxg5 e5 29. a3 Bc5 30. b4 Bd6 31. Kb2 Rf5 32. f4 e4 33. g4 Rf8 34. Kc3 Re8 35. Rh6 Bf8 36. Rh7 Bd6 37. Bf6 Rf8 38. g5 Kc8 39. Rh8 Rxh8 40. Bxh8 Kd7 41. f5 Ke7 42. g6 Kf8 43. Bd4 Bg3 44. Kd2 Bh4 45. f6 Bg5 46. f7 1-0


[Site "https://www.chess.com"]

[Event "Titled Tuesday Blitz July 26 Early 2022"]
[White "Pichot, Alan"]
[Black "Martinez Alcantara, Jose Eduardo"]
[WhiteFideId "110973"]
[BlackFideId "3805662"]
[WhiteElo "2579"]
[BlackElo "2703"]
[Result "1/2-1/2"]
[Round "06"]
[TimeControl "180+1"]
[Date "2022.07.26"]
[WhiteClock "0:00:12"]
[BlackClock "0:00:09"]

1. Nf3 c5 2. e4 d6 3. Bb5+ Nd7 4. d4 cxd4 5. Nxd4 Nf6 6. O-O e6 7. Re1 Be7 8. Bf1 O-O 9. c4 Qc7 10. Nc3 a6 11. Bg5 b6 12. Rc1 Bb7 13. Qd2 Rac8 14. f3 Qb8 15. b3 Rfe8 16. Be3 Bd8 17. Kh1 Bc7 18. Bg1 d5 19. exd5 Bf4 20. Be3 Bxh2 21. dxe6 fxe6 22. Nde2 Rcd8 23. Bf4 Ne5 24. Nd4 Nxf3 25. Bxb8 Nxd2 26. Kxh2 Nxf1+ 27. Rxf1 Rxb8 28. Rce1 Kf7 29. Na4 Ba8 30. c5 bxc5 31. Nxc5 Rb6 32. Rd1 h6 33. Nd7 Rd6 34. Ne5+ Kg8 35. Ne2 Rxd1 36. Rxd1 Bd5 37. Nf4 Rc8 38. Rd2 Ne4 39. Nxd5 exd5 40. Rxd5 Rc2 41. Ra5 Nc3 42. Rc5 Rc1 43. Nd3 Rc2 44. Nb4 Rc1 45. Nxa6 Nxa2 46. Rxc1 Nxc1 47. b4 Nb3 48. b5 Na5 49. Nc5 Kf7 50. b6 Nc6 51. Na6 Na5 52. Nc5 Nc6 53. b7 Nb8 54. Kg3 Ke7 55. Kg4 g6 56. Kf4 Kd6 57. Ne4+ Kc6 58. Ke5 Kxb7 59. Kf6 g5 60. Kg6 Nc6 61. Kxh6 g4 62. Kg5 Kc7 63. Kxg4 Kd7 64. Kf5 Ke7 65. g4 1/2-1/2


[Site "https://www.chess.com"]

[Event "Titled Tuesday Blitz July 26 Early 2022"]
[White "Piesik, Piotr"]
[Black "Bambino Filho, Antonio Carlos"]
[WhiteFideId "1136194"]
[BlackFideId "2113163"]
[WhiteElo "2242"]
[BlackElo "2428"]
[Result "1-0"]
[Round "06"]
[TimeControl "180+1"]
[Date "2022.07.27"]
[WhiteClock "0:00:02"]
[BlackClock "0:00:07"]

1. Nf3 c5 2. g3 Nc6 3. Bg2 g6 4. O-O Bg7 5. c4 e5 6. Nc3 Nge7 7. Ne1 d6 8. Nc2 Be6 9. Ne3 Qd7 10. Ned5 O-O 11. d3 Bh3 12. a3 Bxg2 13. Kxg2 Nxd5 14. Nxd5 Ne7 15. e4 Nxd5 16. cxd5 Rfc8 17. Be3 Qb5 18. Qe2 c4 19. dxc4 Rxc4 20. Rac1 Rac8 21. Rxc4 Rxc4 22. Bxa7 f5 23. f3 Qb3 24. Rf2 Bh6 25. Kh3 Bg5 26. Bb8 Be7 27. Qd2 Qa4 28. exf5 Rc8 29. fxg6 Rxb8 30. Qh6 Qd7+ 31. Kg2 Bf8 32. gxh7+ Kh8 33. Qf6+ Bg7 34. Qg6 Rc8 35. Rc2 Rc5 36. Rxc5 dxc5 37. Qe4 Bf6 38. h4 Qxh7 39. Qc4 b6 40. d6 Qd7 41. Qd5 Bg7 42. b4 cxb4 43. axb4 b5 44. g4 Bf6 45. g5 Bd8 46. Qd3 Bb6 47. Qd5 Qc8 48. Qxe5+ Kg8 49. Qd5+ Kh8 50. Qe5+ Kg8 51. Qxb5 Qc2+ 52. Kh3 Be3 53. Qd5+ Kf8 54. Qa8+ Kg7 55. Qb7+ Kg8 56. Qb8+ Kg7 57. Qc7+ Kg8 58. Qxc2 1-0


[Site "https://www.chess.com"]

[Event "Titled Tuesday Blitz July 26 Early 2022"]
[White "Pranav, V"]
[Black "Mitrabha, Guha"]
[WhiteFideId "25060783"]
[BlackFideId "5057000"]
[WhiteElo "2380"]
[BlackElo "2499"]
[Result "1-0"]
[Round "06"]
[TimeControl "180+1"]
[Date "2022.07.26"]
[WhiteClock "0:00:14"]
[BlackClock "0:00:48"]

1. Nf3 g6 2. g3 Bg7 3. Bg2 c5 4. O-O Nc6 5. c3 e5 6. e4 Nge7 7. a3 a5 8. a4 O-O 9. Na3 d5 10. d3 h6 11. Qe2 Re8 12. Rd1 Be6 13. Nb5 Qd7 14. Be3 b6 15. Qe1 d4 16. cxd4 exd4 17. Bf4 Bb3 18. Nc7 Bxd1 19. Qxd1 g5 20. Nxe8 Rxe8 21. Bc1 Ng6 22. Bd2 Kh8 23. Qb3 Nb4 24. Bxb4 axb4 25. a5 bxa5 26. Rxa5 Qc7 27. Qa4 Re7 28. Qb5 c4 29. dxc4 Rxe4 30. Ra8+ Bf8 31. Qf5 Re2 32. Bf1 Rxb2 33. Bd3 Kg7 34. Re8 Bc5 35. Rc8 Qe7 36. Qxc5 Qe6 37. Qxd4+ Kh7 38. Rh8# 1-0


[Site "https://www.chess.com"]

[Event "Titled Tuesday Blitz July 26 Early 2022"]
[White "Raja Harshit"]
[Black "Suleymanli, Aydin"]
[WhiteFideId "5089000"]
[BlackFideId "13413937"]
[WhiteElo "2338"]
[BlackElo "2481"]
[Result "0-1"]
[Round "06"]
[TimeControl "180+1"]
[Date "2022.07.26"]
[WhiteClock "0:00:01"]
[BlackClock "0:00:05"]

1. e4 c5 2. Nf3 e6 3. d4 cxd4 4. Nxd4 Nc6 5. Nc3 a6 6. g3 Qb6 7. Nxc6 Qxc6 8. Bg2 b5 9. O-O Bb7 10. Re1 Rc8 11. Bg5 h6 12. Bf4 Nf6 13. a4 b4 14. Nd5 Qxc2 15. Rc1 Qxd1 16. Rxc8+ Bxc8 17. Nc7+ Kd8 18. Rxd1 e5 19. Bxe5 Ng4 20. Bd4 Kxc7 21. h3 Nf6 22. e5 Ng8 23. Rc1+ Kb8 24. Ba7+ Kxa7 25. Rxc8 Ne7 26. Rc7+ Kb6 27. Rxd7 Nc6 28. f4 f6 29. e6 Bc5+ 30. Kf1 Ne7 31. Rb7+ Ka5 32. Rc7 Rc8 33. Rd7 b3 34. Bb7 Rb8 35. g4 Kxa4 36. f5 Kb5 37. Be4 a5 38. Bd3+ Kb6 39. Bc4 a4 40. Ke2 Rb7 0-1


[Site "https://www.chess.com"]

[Event "Titled Tuesday Blitz July 26 Early 2022"]
[White "Rodchenkov, Sergey D."]
[Black "Ljukin, Sergei"]
[WhiteFideId "4168712"]
[BlackFideId "14102200"]
[WhiteElo "2293"]
[BlackElo "2312"]
[Result "1-0"]
[Round "06"]
[TimeControl "180+1"]
[Date "2022.07.27"]
[WhiteClock "0:00:10"]
[BlackClock "0:00:01"]

1. e4 e6 2. d4 d5 3. Nc3 Bb4 4. e5 Ne7 5. a3 Bxc3+ 6. bxc3 c5 7. Qg4 Qc7 8. Qxg7 Rg8 9. Qxh7 cxd4 10. Ne2 Nbc6 11. f4 Bd7 12. Qd3 dxc3 13. h4 O-O-O 14. h5 Nf5 15. Rg1 Nh6 16. Rb1 Ng4 17. Nd4 Nxd4 18. Qxd4 Kb8 19. Be2 Rc8 20. a4 Qa5 21. Qb4 Qxb4 22. Rxb4 a5 23. Rb1 Bxa4 24. Bd3 Rh8 25. Rh1 Ka7 26. Ke2 d4 27. Rh4 Rcg8 28. Ra1 b5 29. Kf3 Nh6 30. g4 Kb6 31. g5 Nf5 32. Bxf5 exf5 33. h6 Bxc2 34. Kf2 Be4 35. Ba3 b4 36. Bc1 d3 37. Be3+ Kb5 38. e6 fxe6 39. Rg1 Rg6 40. h7 b3 41. Bd4 Rxh7 42. Rxh7 c2 43. Rc7 1-0


[Site "https://www.chess.com"]

[Event "Titled Tuesday Blitz July 26 Early 2022"]
[White "Rustemov, Alexander"]
[Black "Narva, Mai"]
[WhiteFideId "4119002"]
[BlackFideId "4500512"]
[WhiteElo "2797"]
[BlackElo "2152"]
[Result "1-0"]
[Round "06"]
[TimeControl "180+1"]
[Date "2022.07.26"]
[WhiteClock "0:00:49"]
[BlackClock "0:00:15"]

1. d4 g6 2. c4 Bg7 3. Nf3 Nf6 4. g3 O-O 5. Bg2 d6 6. Nc3 Nbd7 7. O-O c5 8. e4 Re8 9. h3 Rb8 10. Be3 cxd4 11. Nxd4 a6 12. Rc1 Nc5 13. Qd2 Bd7 14. Rfd1 b5 15. b4 Ne6 16. cxb5 axb5 17. Bf1 Nc7 18. Nb3 Qc8 19. Kh2 Qb7 20. Na5 Qa8 21. Bg2 Qa6 22. Nd5 Nfxd5 23. exd5 Rec8 24. Nc6 Bxc6 25. Rxc6 Qb7 26. Rdc1 Ne8 27. Qc2 Rd8 28. g4 Qa8 29. g5 Qa3 30. Qb3 Qxb3 31. axb3 e6 32. h4 Kf8 33. Bb6 Rd7 34. Bf1 h6 35. f4 e5 36. Kg3 exf4+ 37. Kxf4 Be5+ 38. Kg4 Ng7 39. Rc8+ Rxc8 40. Rxc8+ Ke7 41. Bxb5 Rb7 42. Rc7+ Rxc7 43. Bxc7 Bc3 44. gxh6 Nf5 45. h7 Ne3+ 46. Kh3 Nxd5 47. Ba5 Kf8 48. Bc6 Ne7 49. b5 Bd4 50. Be4 f5 51. Bf3 Kg7 52. b6 d5 53. b7 Ba7 54. Bc7 Nc6 55. Bxd5 Bb8 56. Bxb8 Nxb8 57. Kg3 Kxh7 58. Kf4 Kg7 59. Ke5 Kf8 60. Kd6 Ke8 61. Kc7 Na6+ 62. Kb6 Nb8 63. Ka7 1-0


[Site "https://www.chess.com"]

[Event "Titled Tuesday Blitz July 26 Early 2022"]
[White "Sadubayev, Airat"]
[Black "Shohat, Yotam"]
[WhiteFideId "13713264"]
[BlackFideId "2813955"]
[WhiteElo "2163"]
[BlackElo "2119"]
[Result "1/2-1/2"]
[Round "06"]
[TimeControl "180+1"]
[Date "2022.07.26"]
[WhiteClock "0:00:09"]
[BlackClock "0:00:03"]

1. d4 Nf6 2. c4 e6 3. Nf3 d5 4. g3 Be7 5. Bg2 O-O 6. O-O dxc4 7. Qc2 a6 8. a4 Bd7 9. Rd1 Bc6 10. Nc3 b5 11. axb5 axb5 12. Rxa8 Bxa8 13. Nxb5 Nc6 14. Qxc4 Na5 15. Qa4 c6 16. Nc3 Qb6 17. Bd2 c5 18. dxc5 Bxc5 19. e3 Bc6 20. Qc2 Rb8 21. Na4 Bxa4 22. Qxa4 Nc6 23. Rc1 Ne7 24. Ba5 Qa7 25. h3 h6 26. Ne5 Bb4 27. Ra1 Bxa5 28. Qxa5 Qxa5 29. Rxa5 Ned5 30. Bxd5 Nxd5 31. Ra2 f6 32. Nc4 Rb4 33. Nd2 Kf7 34. Kg2 g5 35. b3 Kg6 36. Ra4 Rb5 37. Rc4 h5 38. Rc2 Ra5 39. Rb2 Nb4 40. Nc4 Rc5 41. Rd2 Rb5 42. Nd6 Rb6 43. Nc8 Rb7 44. Nd6 Rb8 45. g4 Nd5 46. gxh5+ Kxh5 47. Rb2 Kg6 48. Nc4 Nb4 49. Kf3 Nd3 50. Rb1 Nc5 51. b4 Na6 52. b5 Nc7 53. b6 Nd5 54. b7 Kf7 55. Na5 Ne7 56. Ke4 Ke8 57. Rc1 Kd7 58. Rd1+ Nd5 59. Rb1 Kc7 60. Rc1+ Kb6 61. Nc4+ Kxb7 62. Nd6+ Kb6 63. Rb1+ Kc7 64. Rxb8 Kxb8 65. Ne8 Kc8 66. Ng7 Kd7 67. Nh5 Ke7 68. Ng3 Kf7 69. f4 gxf4 70. exf4 Ne7 71. h4 Kg6 72. Kf3 Kh6 73. Kg4 Ng6 74. h5 Ne7 75. Kh4 Nf5+ 76. Nxf5+ exf5 77. Kg3 Kxh5 78. Kh3 Kg6 79. Kh4 Kf7 80. Kh5 Ke6 81. Kg6 Ke7 82. Kg7 Ke6 83. Kg6 Ke7 84. Kxf5 Kf7 85. Kg4 Kg6 86. Kf3 Kf5 87. Kg3 Ke4 88. Kg4 Ke3 89. Kf5 Kf3 90. Kxf6 Kxf4 1/2-1/2


[Site "https://www.chess.com"]

[Event "Titled Tuesday Blitz July 26 Early 2022"]
[White "Sanchez, Robert"]
[Black "Navarrete Mendez, Gonzalo Alberto"]
[WhiteFideId "2034360"]
[BlackFideId "5106850"]
[WhiteElo "2296"]
[BlackElo "2261"]
[Result "0-1"]
[Round "06"]
[TimeControl "180+1"]
[Date "2022.07.27"]
[WhiteClock "0:00:01"]
[BlackClock "0:00:05"]

1. e4 e5 2. Nf3 Nc6 3. Bb5 a6 4. Ba4 d6 5. c3 f5 6. d3 Nf6 7. O-O Be7 8. exf5 Bxf5 9. d4 e4 10. Nfd2 O-O 11. f3 d5 12. fxe4 Nxe4 13. Nxe4 Bxe4 14. Nd2 Bd3 15. Rxf8+ Bxf8 16. Qf3 Bg6 17. Bb3 Ne7 18. Nf1 c6 19. Ng3 Qd7 20. Bg5 h6 21. Bf4 Nf5 22. Rf1 Nh4 23. Qf2 Re8 24. Be5 Qg4 25. Bc2 Kh7 26. Bxg6+ Nxg6 27. Qf7 Re7 28. Qf2 Re8 29. Qf7 Re7 30. Qf2 h5 31. h3 Qg5 32. Nf5 Re8 33. h4 Qg4 34. Bh2 Re2 35. Qf3 Qxf3 36. Rxf3 Rxb2 37. Nd6 Bxd6 38. Bxd6 Nxh4 39. Rf7 Rxg2+ 40. Kf1 b5 41. Be5 Rg6 42. Ra7 Nf3 43. Rxa6 Nxe5 44. dxe5 Re6 45. a3 h4 46. Kg2 g5 47. Kh3 Kg6 48. Kg4 Rxe5 49. Rxc6+ Kf7 50. Rc5 Ke7 51. Rxb5 Kd6 52. Rb6+ Kc5 53. Rb8 Kc6 54. a4 Kc7 55. Rb1 Re4+ 56. Kxg5 Rxa4 57. Rd1 Kd6 58. Kf5 Kc5 59. Rd3 Rc4 60. Rh3 Re4 61. Kf6 Kc4 62. Kf5 Kc5 63. Kf6 Rf4+ 64. Ke5 Rg4 65. Rd3 Re4+ 66. Kf5 Kc4 67. Rh3 Re1 68. Rxh4+ Kxc3 0-1


[Site "https://www.chess.com"]

[Event "Titled Tuesday Blitz July 26 Early 2022"]
[White "Sarana, Alexey"]
[Black "Vakhlamov, Igor L."]
[WhiteFideId "24133795"]
[BlackFideId "24126748"]
[WhiteElo "2666"]
[BlackElo "2401"]
[Result "1-0"]
[Round "06"]
[TimeControl "180+1"]
[Date "2022.07.26"]
[WhiteClock "0:00:39"]
[BlackClock "0:00:03"]

1. d4 d5 2. c4 e6 3. Nc3 c5 4. cxd5 cxd4 5. Qa4+ Bd7 6. Qxd4 exd5 7. Qxd5 Nf6 8. Qd1 Bc5 9. e3 O-O 10. Nf3 Qe7 11. Bd3 Rd8 12. Qe2 Nc6 13. a3 Ne5 14. Nxe5 Qxe5 15. O-O Ng4 16. f4 Qe7 17. Rf3 Bc6 18. Rh3 Nf6 19. b4 Bb6 20. Bb2 h6 21. Re1 Re8 22. Rg3 Rad8 23. Kh1 a6 24. e4 Bd4 25. e5 Bxc3 26. Bxc3 Nd5 27. Qg4 g6 28. Bb2 Bd7 29. f5 Qg5 30. Qe2 1-0


[Site "https://www.chess.com"]

[Event "Titled Tuesday Blitz July 26 Early 2022"]
[White "Schwabeneder, Florian"]
[Black "Gil Alba, Hector Luis"]
[WhiteFideId "1626191"]
[BlackFideId "3504670"]
[WhiteElo "2275"]
[BlackElo "2331"]
[Result "1/2-1/2"]
[Round "06"]
[TimeControl "180+1"]
[Date "2022.07.27"]
[WhiteClock "0:00:06"]
[BlackClock "0:00:03"]

1. Nf3 Nf6 2. d4 g6 3. Nbd2 Bg7 4. e4 d6 5. Bd3 O-O 6. O-O c5 7. c3 Nc6 8. d5 Ne5 9. Nxe5 dxe5 10. a4 Ne8 11. a5 Nd6 12. c4 f5 13. f3 e6 14. Qe2 exd5 15. cxd5 f4 16. Nc4 Rb8 17. Bd2 b5 18. axb6 axb6 19. b4 Nb5 20. bxc5 Nd4 21. Qf2 bxc5 22. Ba5 Qe7 23. Rab1 Ba6 24. Qa2 Bb5 25. Bc3 Kh8 26. Qa5 Ra8 27. Rxb5 Rxa5 28. Rxa5 h6 29. Rb1 Qg5 30. Kh1 Qh5 31. Nd2 g5 32. h3 Qh4 33. Ra7 Qf2 34. Rbb7 Rg8 35. d6 Qe1+ 36. Bf1 Ne2 37. Rb1 Ng3+ 38. Kh2 Nxf1+ 39. Nxf1 Qxc3 40. Rbb7 Qd3 41. Kg1 Qxd6 42. Rd7 Qe6 43. Rac7 c4 44. Nd2 Qb6+ 45. Kh2 c3 46. Rxc3 Qf2 47. Rcc7 Qg3+ 48. Kg1 Qe1+ 49. Kh2 Qg3+ 50. Kg1 Qe1+ 51. Kh2 Qg3+ 1/2-1/2


[Site "https://www.chess.com"]

[Event "Titled Tuesday Blitz July 26 Early 2022"]
[White "Seo, Jung Min"]
[Black "Dubov, Daniil"]
[WhiteFideId "1734687"]
[BlackFideId "24126055"]
[WhiteElo "2414"]
[BlackElo "2791"]
[Result "0-1"]
[Round "06"]
[TimeControl "180+1"]
[Date "2022.07.26"]
[WhiteClock "0:00:54"]
[BlackClock "0:00:14"]

1. d4 Nf6 2. c4 e6 3. Nf3 d5 4. Nc3 Be7 5. Bf4 Nbd7 6. e3 O-O 7. h3 a6 8. cxd5 Nxd5 9. Nxd5 exd5 10. Bd3 c5 11. dxc5 Nxc5 12. O-O Bf6 13. Rb1 Re8 14. Bc2 Be6 15. Nd4 Rc8 16. a3 Bd7 17. Bh2 Ne6 18. Nxe6 Bxe6 19. Bb3 d4 20. Bxe6 Rxe6 21. exd4 Bxd4 22. b4 Qb6 23. Bg3 h6 24. Kh1 Rce8 25. Qf3 Qc6 26. Qxc6 Rxc6 27. Rbd1 Rc4 28. Rd3 Re2 29. Kg1 Ra2 30. Rfd1 Bf6 31. R1d2 Rxd2 32. Rxd2 Rc1+ 33. Kh2 Rc3 34. Ra2 Rb3 35. Bd6 Bb2 36. a4 f5 37. g3 Kf7 38. Kg2 Ke6 39. Bc5 Kd5 40. Bf8 h5 41. h4 g6 42. Kf1 Kc4 43. Ke2 Bc3 44. b5 axb5 45. axb5 Rb2+ 46. Rxb2 Bxb2 47. Kf3 Be5 48. b6 Kb5 49. Ke3 Kxb6 50. f4 Bf6 51. Kd3 Kc6 52. Bb4 Kd5 53. Bd2 Bd4 54. Be1 Bc5 55. Kc3 Ke4 0-1


[Site "https://www.chess.com"]

[Event "Titled Tuesday Blitz July 26 Early 2022"]
[White "Shukhman, Anna"]
[Black "Schekachikhin, Maksim"]
[WhiteFideId "54180058"]
[BlackFideId "24177830"]
[WhiteElo "1726"]
[BlackElo "2239"]
[Result "1/2-1/2"]
[Round "06"]
[TimeControl "180+1"]
[Date "2022.07.27"]
[WhiteClock "0:00:39"]
[BlackClock "0:00:19"]

1. e4 c5 2. Nf3 d6 3. d4 cxd4 4. Nxd4 Nf6 5. Nc3 Bd7 6. Bg5 e6 7. Qd2 Be7 8. f3 Nc6 9. O-O-O a6 10. h4 h6 11. Be3 Nxd4 12. Bxd4 b5 13. g4 b4 14. Nb1 a5 15. Rg1 Qc7 16. g5 hxg5 17. hxg5 Nh5 18. g6 f6 19. a3 Rb8 20. axb4 axb4 21. b3 e5 22. Be3 Be6 23. Kb2 Qa5 24. Qd3 Nf4 25. Bxf4 exf4 26. Qd4 Rh2 27. Bc4 Rc8 28. Rd2 Rxd2 29. Nxd2 Qa3+ 30. Kb1 Bxc4 31. Nxc4 Qa6 32. Rh1 Kd7 33. e5 fxe5 34. Nxe5+ Kc7 35. Qc4+ Qxc4 36. Nxc4 Bf6 37. Kc1 Bc3 38. Kd1 d5 39. Nd2 Re8 40. Re1 Rxe1+ 41. Kxe1 Kd6 42. Ke2 Ke5 43. Nf1 Kf5 44. Kd3 Kxg6 45. Nh2 Kf5 46. Ng4 g5 47. Nh2 Kg6 48. Ng4 Kh5 49. Ke2 Kh4 50. Nf2 Kg3 51. Ng4 Bd4 52. Nh6 Kg2 53. Ng4 Kh3 54. Nh6 Bc3 55. Ng4 Kh4 56. Nf2 Kh5 57. Ng4 Kg6 58. Kd3 Kf5 59. Nh6+ Ke6 60. Ng4 Bg7 61. Nf2 Bc3 62. Ng4 Be1 63. Nh2 Kf5 64. Ng4 Bc3 1/2-1/2


[Site "https://www.chess.com"]

[Event "Titled Tuesday Blitz July 26 Early 2022"]
[White "Shuvalov, Evgenij"]
[Black "Ulasevich, Sergei"]
[WhiteFideId "4187237"]
[BlackFideId "13505629"]
[WhiteElo "2042"]
[BlackElo "2151"]
[Result "1-0"]
[Round "06"]
[TimeControl "180+1"]
[Date "2022.07.27"]
[WhiteClock "0:00:15"]
[BlackClock "0:00:05"]

1. Nf3 e6 2. c4 d5 3. g3 Nf6 4. Bg2 c5 5. O-O Nc6 6. b3 Bd7 7. e3 Rc8 8. Bb2 Be7 9. Nc3 O-O 10. Qe2 a6 11. Rfd1 d4 12. exd4 cxd4 13. Ne4 Be8 14. d3 Rc7 15. a3 a5 16. Re1 Rd7 17. Rac1 Qb6 18. Qc2 Rd8 19. Nfd2 Nb8 20. c5 Qb5 21. Qc4 Na6 22. Nxf6+ Bxf6 23. Qxb5 Bxb5 24. Bxb7 Bxd3 25. c6 Nc7 26. b4 axb4 27. axb4 Rd5 28. Nb3 Bb5 29. Rc5 Rfd8 30. Rxd5 Rxd5 31. Rd1 e5 32. Nc5 h5 33. f3 Bg5 34. Kg2 Be7 35. Ne4 Bxb4 36. Ra1 f6 37. Ra7 Kf7 38. Bc8 f5 39. Rxc7+ Kg6 40. Nf2 d3 41. Rb7 d2 42. c7 Rc5 43. Nd1 Be2 44. Rxb4 Bxd1 45. Rb6+ Kh7 46. Rd6 e4 47. fxe4 g6 48. Rxd2 Rxc7 49. Rxd1 Rxc8 50. Rd7+ Kg8 51. exf5 Rc2+ 52. Kh3 g5 53. f6 Rxb2 54. Rg7+ Kf8 55. Rxg5 Kf7 56. Rxh5 Kxf6 57. Rh4 Kg6 58. Rg4+ Kh5 59. Rh4+ Kg5 60. Rf4 Kh5 61. Rf5+ Kg6 62. Re5 Kh6 63. Re4 Kg6 64. Rf4 Kg5 65. Re4 Kh5 66. Rd4 Kg5 67. Rd5+ Kg6 68. g4 Kh6 69. Kg3 Kg6 70. h4 Rb3+ 71. Kf4 Rb4+ 72. Kf3 Rb3+ 73. Ke4 Rh3 74. Rd6+ Kg7 75. h5 Rh1 76. Kf5 Ra1 77. Rd7+ Kh6 78. g5+ Kxh5 79. Rh7# 1-0


[Site "https://www.chess.com"]

[Event "Titled Tuesday Blitz July 26 Early 2022"]
[White "Skliarov, Viktor"]
[Black "Yuan, Qingyu"]
[WhiteFideId "14106736"]
[BlackFideId "8609772"]
[WhiteElo "2257"]
[BlackElo "2359"]
[Result "0-1"]
[Round "06"]
[TimeControl "180+1"]
[Date "2022.07.26"]
[WhiteClock "0:00:02"]
[BlackClock "0:00:05"]

1. e4 c6 2. d4 d5 3. e5 c5 4. dxc5 e6 5. a3 Bxc5 6. b4 Be7 7. Bb2 a5 8. b5 Nd7 9. Nf3 f6 10. c4 Nxe5 11. Nxe5 fxe5 12. Bxe5 Nf6 13. cxd5 Qxd5 14. Qxd5 exd5 15. Nc3 Bf5 16. Be2 O-O 17. O-O Rac8 18. Rad1 Bxa3 19. Nxd5 Bc2 20. Nxf6+ gxf6 21. Ra1 fxe5 22. Rxa3 b6 23. Bg4 Rc5 24. Bd7 Rd8 25. Bc6 Rd2 26. h4 Bd3 27. Re1 Bxb5 28. Rg3+ Kf8 29. Be4 Rd7 30. Ree3 Rf7 31. h5 Bc4 32. Ra3 Be6 33. h6 Rc4 34. f3 a4 35. Bd3 Rb4 36. Rg5 Rb3 37. Rxb3 Bxb3 38. Rxe5 a3 39. Bb5 Re7 40. Rf5+ Kg8 41. Rg5+ Kf8 42. Rf5+ Rf7 43. Re5 Rc7 44. Re8+ Kf7 45. Ra8 a2 46. Kh2 Rc1 47. Bd3 a1=Q 48. Rxa1 Rxa1 49. Bxh7 Be6 50. Be4 b5 51. g4 b4 52. g5 Ra5 53. f4 Rb5 54. g6+ Kf6 55. g7 Rh5+ 56. Kg3 Rxh6 57. g8=Q Bxg8 0-1


[Site "https://www.chess.com"]